NWL (28 & UNDER)
CULVER CITY EXTRAS @ MENLO MANIACS
08/28/2026
 
TOP OF THE 1ST
Culver City Extras batting - Pitching for Menlo Maniacs : RHP Jeff Davis
Pitching: RHP Jeff Davis
Batting: RHB Víctor Arredondo 0-0: Called Strike
0-1: SINGLE (Line Drive, 56D)
Batting: LHB Nick English 0-0: Ball
1-0: Swinging Strike
1-1: Ball
2-1: Ball
3-1: Ground out 3-1 (Groundball, 34)
Víctor Arredondo to second
Batting: LHB Edmund Ross 0-0: Called Strike
0-1: Ball
1-1: Foul Ball, location: 2F
1-2: Strikes out looking
Batting: LHB Richard Bell 0-0: SINGLE (Groundball, 6MD)
Víctor Arredondo to third
Runner from 3rd tries for Home, SAFE, no throw or cutoff
Batting: RHB Max Alexander 0-0: Ball
1-0: Ball
2-0: Called Strike
2-1: Foul Ball, location: 2F
2-2: Strikes out looking
Top of the 1st over - 1 run(s), 2 hit(s), 0 error(s), 1 left on base; Culver City 1 - Menlo 0
BOTTOM OF THE 1ST
Menlo Maniacs batting - Pitching for Culver City Extras : RHP Juan Tapia
Pitching: RHP Juan Tapia
Batting: LHB Pedro Rodríguez 0-0: Ball
1-0: Foul Ball, location: 2F
1-1: Ball
2-1: Ball
3-1: Base on Balls
Batting: LHB Jeff Tucker 0-0: Ball
1-0: Called Strike
1-1: Ball
2-1: Ball
3-1: Foul Ball, location: 2F
3-2: Base on Balls
Pedro Rodríguez to second
Batting: RHB Daryl Floyd 0-0: Ball
1-0: Fly out, F4 (Popup, 4M)
Batting: LHB Dan Hamilton 0-0: Foul Ball, location: 2F
0-1: Ball
1-1: Foul Ball, location: 2F
1-2: Ball
2-2: Ground out 4-3 (Groundball, 4M)
Pedro Rodríguez to third
Jeff Tucker to second
Batting: RHB Steve Sampson 0-0: Swinging Strike
0-1: Ball
1-1: Called Strike
1-2: Foul Ball, location: 2F
1-2: Ball
2-2: Ball
3-2: Strikes out swinging
Bottom of the 1st over - 0 run(s), 0 hit(s), 0 error(s), 2 left on base; Culver City 1 - Menlo 0
TOP OF THE 2ND
Culver City Extras batting - Pitching for Menlo Maniacs : RHP Jeff Davis
Batting: RHB Walton Smith 0-0: Called Strike
0-1: Called Strike
0-2: Strikes out swinging
Batting: RHB Ben Alexander 0-0: Ball
1-0: Fly out, F9 (Flyball, 9LM)
Batting: RHB Artie Pennington 0-0: SINGLE (Line Drive, 3D)
Batting: RHB Jesús Gonzáles 0-0: Ball
1-0: Foul Ball, location: 2F
1-1: Called Strike
1-2: Ball
2-2: Foul Ball, location: 2F
2-2: Foul Ball, location: 2F
2-2: Ball
3-2: Base on Balls
Artie Pennington to second
Batting: RHB Víctor Arredondo 0-0: Called Strike
0-1: Foul Ball, location: 2F
0-2: Ball
1-2: Strikes out swinging
Top of the 2nd over - 0 run(s), 1 hit(s), 0 error(s), 2 left on base; Culver City 1 - Menlo 0
BOTTOM OF THE 2ND
Menlo Maniacs batting - Pitching for Culver City Extras : RHP Juan Tapia
Batting: LHB Paul Alexander 0-0: Called Strike
0-1: Ball
1-1: SOLO HOME RUN (Flyball, 89XD), Distance : 420 ft
Batting: RHB Jesús Cuevas 0-0: Ball
1-0: Ball
2-0: Called Strike
2-1: Foul Ball, location: 2F
2-2: Foul Ball, location: 2F
2-2: Strikes out swinging
Batting: RHB Ernest Russell 0-0: Ball
1-0: Called Strike
1-1: Ball
2-1: Reached on error, E6 (Groundball, 6)
Batting: RHB Richie Miller 0-0: Called Strike
0-1: Ball
1-1: 2-RUN HOME RUN (Flyball, 9LD), Distance : 367 ft
Batting: LHB Pedro Rodríguez 0-0: Ground out 4-3 (Groundball, 34)
Batting: LHB Jeff Tucker 0-0: Ball
1-0: Foul Ball, location: 2F
1-1: Foul Ball, location: 2F
1-2: Ball
2-2: Strikes out looking
Bottom of the 2nd over - 3 run(s), 2 hit(s), 1 error(s), 0 left on base; Culver City 1 - Menlo 3
TOP OF THE 3RD
Culver City Extras batting - Pitching for Menlo Maniacs : RHP Jeff Davis
Batting: LHB Nick English 0-0: Ball
1-0: Foul Ball, location: 2F
1-1: Ball
2-1: Fly out, F7 (Flyball, 7LM)
Batting: LHB Edmund Ross 0-0: Foul Ball, location: 2F
0-1: Ground out 3-1 (Groundball, 34)
Batting: LHB Richard Bell 0-0: Ball
1-0: Swinging Strike
1-1: Fly out, F5 (Popup, 5F)
Top of the 3rd over - 0 run(s), 0 hit(s), 0 error(s), 0 left on base; Culver City 1 - Menlo 3
BOTTOM OF THE 3RD
Menlo Maniacs batting - Pitching for Culver City Extras : RHP Juan Tapia
Batting: RHB Daryl Floyd 0-0: Foul Ball, location: 2F
0-1: Swinging Strike
0-2: Ball
1-2: Strikes out swinging
Batting: LHB Dan Hamilton 0-0: Ball
1-0: Fly out, F6 (Popup, 6)
Batting: RHB Steve Sampson 0-0: Ball
1-0: Ball
2-0: Ball
3-0: Base on Balls
Batting: LHB Paul Alexander 0-0: SINGLE (Line Drive, 56)
Steve Sampson to second
Batting: RHB Jesús Cuevas 0-0: Called Strike
0-1: Ball
1-1: Ground out 4-3 (Groundball, 4)
Bottom of the 3rd over - 0 run(s), 1 hit(s), 0 error(s), 2 left on base; Culver City 1 - Menlo 3
TOP OF THE 4TH
Culver City Extras batting - Pitching for Menlo Maniacs : RHP Jeff Davis
Batting: RHB Max Alexander 0-0: Ball
1-0: Called Strike
1-1: Foul Ball, location: 2F
1-2: Ball
2-2: Ball
3-2: Ground out 6-3 (Groundball, 6M)
Batting: RHB Walton Smith 0-0: Ball
1-0: Swinging Strike
1-1: Called Strike
1-2: Ball
2-2: Fly out, F8 (Flyball, 8RM)
Batting: RHB Ben Alexander 0-0: Ball
1-0: Called Strike
1-1: Foul Ball, location: 2F
1-2: Ball
2-2: Foul Ball, location: 2F
2-2: Foul Ball, location: 2F
2-2: SINGLE (Line Drive, 8RS)
Batting: RHB Artie Pennington 0-0: Ball
1-0: SINGLE (Flyball, 7LS)
Ben Alexander to second
Batting: RHB Jesús Gonzáles 0-0: Called Strike
0-1: Swinging Strike
0-2: Ball
1-2: Ball
2-2: Strikes out swinging
Top of the 4th over - 0 run(s), 2 hit(s), 0 error(s), 2 left on base; Culver City 1 - Menlo 3
BOTTOM OF THE 4TH
Menlo Maniacs batting - Pitching for Culver City Extras : RHP Juan Tapia
Batting: RHB Ernest Russell 0-0: Ball
1-0: Ground out 5-3 (Groundball, 5L)
Batting: RHB Richie Miller 0-0: Called Strike
0-1: Ball
1-1: Called Strike
1-2: SINGLE (Line Drive, 6D)
Batting: LHB Pedro Rodríguez 0-0: Ball
1-0: Ball
2-0: Swinging Strike
2-1: Fly out, F5 (Popup, 5F)
Batting: LHB Jeff Tucker 0-0: Ball
1-0: SINGLE (Groundball, 4MD)
Richie Miller to second
Batting: RHB Daryl Floyd 0-0: Ball
1-0: SINGLE (Line Drive, 56)
Richie Miller to third
Jeff Tucker to second
Batting: LHB Dan Hamilton 0-0: Swinging Strike
0-1: Foul Ball, location: 2F
0-2: Ground out U3 (Groundball, 3L)
Bottom of the 4th over - 0 run(s), 3 hit(s), 0 error(s), 3 left on base; Culver City 1 - Menlo 3
TOP OF THE 5TH
Culver City Extras batting - Pitching for Menlo Maniacs : RHP Jeff Davis
Batting: RHB Víctor Arredondo 0-0: Called Strike
0-1: Swinging Strike
0-2: Foul Ball, location: 2F
0-2: Foul Ball, location: 2F
0-2: Strikes out swinging
Batting: LHB Nick English 0-0: Called Strike
0-1: Ball
1-1: Foul Ball, location: 2F
1-2: SINGLE (Groundball, 4MD)
Batting: LHB Edmund Ross 0-0: Reached on error, E4 (Groundball, 34)
Nick English to second
Batting: LHB Richard Bell 0-0: SINGLE (Groundball, 6MD)
Nick English to third
Edmund Ross to second
Runner from 3rd tries for Home, SAFE, no throw or cutoff
Batting: RHB Max Alexander 0-0: Ball
1-0: Called Strike
1-1: Foul Ball, location: 2F
1-2: SINGLE (Popup, 6M)
Edmund Ross to third
Richard Bell to second
Runner from 3rd tries for Home, SAFE, throw made at trailing runner, SAFE at third!
Pitching: RHP Bryan Bray
Batting: RHB Walton Smith 0-0: Ball
1-0: Ball
2-0: Swinging Strike
2-1: Foul Ball, location: 2F
2-2: Foul Ball, location: 2F
2-2: Foul Ball, location: 2F
2-2: Strikes out swinging
Batting: RHB Ben Alexander 0-0: Ball
1-0: Called Strike
1-1: Ground out 6-3 (Groundball, 6)
Top of the 5th over - 2 run(s), 3 hit(s), 1 error(s), 2 left on base; Culver City 3 - Menlo 3
BOTTOM OF THE 5TH
Menlo Maniacs batting - Pitching for Culver City Extras : RHP Juan Tapia
Batting: RHB Steve Sampson 0-0: Fly out, F8 (Line Drive, 8LM)
Batting: LHB Paul Alexander 0-0: Foul Ball, location: 2F
0-1: Foul Ball, location: 2F
0-2: Strikes out swinging
Batting: RHB Jesús Cuevas 0-0: Fly out, F9 (Flyball, 9LM)
Bottom of the 5th over - 0 run(s), 0 hit(s), 0 error(s), 0 left on base; Culver City 3 - Menlo 3
TOP OF THE 6TH
Culver City Extras batting - Pitching for Menlo Maniacs : RHP Bryan Bray
Batting: RHB Artie Pennington 0-0: Swinging Strike
0-1: Ball
1-1: Ball
2-1: Foul Ball, location: 2F
2-2: Ball
3-2: Strikes out swinging
Batting: RHB Jesús Gonzáles 0-0: Ball
1-0: Called Strike
1-1: Called Strike
1-2: SINGLE (Groundball, 56D)
Batting: RHB Víctor Arredondo 0-0: Ball
1-0: Ground out 5-3 (Groundball, 5S)
Jesús Gonzáles to second
Batting: LHB Nick English 0-0: Swinging Strike
0-1: Fly out, F7 (Flyball, 78M)
Top of the 6th over - 0 run(s), 1 hit(s), 0 error(s), 1 left on base; Culver City 3 - Menlo 3
BOTTOM OF THE 6TH
Menlo Maniacs batting - Pitching for Culver City Extras : RHP Juan Tapia
Batting: RHB Ernest Russell 0-0: Ball
1-0: Called Strike
1-1: Ball
2-1: Called Strike
2-2: Ball
3-2: Base on Balls
Batting: RHB Richie Miller 0-0: DOUBLE (Flyball, 7D)
Ernest Russell to third
Batting: LHB Pedro Rodríguez 0-0: Ball
1-0: Ball
2-0: Ball
Wild Pitch!
Ernest Russell scores
Richie Miller to third
3-0: Called Strike
3-1: Ground out U3 (Groundball, 3)
Pitching: RHP Pedro Días
Batting: LHB Jeff Tucker 0-0: Ball
1-0: Ball
2-0: Ball
3-0: Foul Ball, location: 2F
3-1: Called Strike
3-2: Strikes out swinging
Batting: RHB Daryl Floyd 0-0: Ball
1-0: Called Strike
1-1: Swinging Strike
1-2: Strikes out swinging
Bottom of the 6th over - 1 run(s), 1 hit(s), 0 error(s), 1 left on base; Culver City 3 - Menlo 4
TOP OF THE 7TH
Culver City Extras batting - Pitching for Menlo Maniacs : RHP Bryan Bray
Batting: LHB Edmund Ross 0-0: Foul Ball, location: 2F
0-1: Ball
1-1: Ball
2-1: Foul Ball, location: 2F
2-2: Ground out 6-3 (Groundball, 6)
Pitching: RHP Domingo Franco
Batting: LHB Richard Bell 0-0: Ball
1-0: Foul Ball, location: 2F
1-1: Ball
2-1: Called Strike
2-2: Foul Ball, location: 2F
2-2: Fly out, F7 (Flyball, 7M)
Batting: RHB Max Alexander 0-0: Ball
1-0: Ball
2-0: Ball
3-0: Called Strike
3-1: Called Strike
3-2: Fly out, F7 (Flyball, 78D)
Top of the 7th over - 0 run(s), 0 hit(s), 0 error(s), 0 left on base; Culver City 3 - Menlo 4
BOTTOM OF THE 7TH
Menlo Maniacs batting - Pitching for Culver City Extras : RHP Pedro Días
Batting: LHB Dan Hamilton 0-0: Ball
1-0: Ground out 5-3 (Groundball, 56S)
Batting: RHB Steve Sampson 0-0: Ball
1-0: Ball
2-0: Fly out, F6 (Line Drive, 56)
Batting: LHB Paul Alexander 0-0: Ball
1-0: Ground out 4-3 (Groundball, 4M)
Bottom of the 7th over - 0 run(s), 0 hit(s), 0 error(s), 0 left on base; Culver City 3 - Menlo 4
TOP OF THE 8TH
Culver City Extras batting - Pitching for Menlo Maniacs : RHP Domingo Franco
Pitching: RHP Steve Poe
Batting: RHB Walton Smith 0-0: Called Strike
0-1: Ball
1-1: Ball
2-1: Called Strike
2-2: Ball
3-2: Base on Balls
Batting: RHB Ben Alexander 0-0: Bunted foul
0-1: Bunt missed!
0-2: Grounds into double play, U6-3 (Groundball, 6)
Batting: RHB Artie Pennington 0-0: Ball
1-0: Ball
2-0: Ball
3-0: Base on Balls
Pinch Hitting: RHB Tony Cruz 0-0: Fielders Choice at 2nd, U4 (Groundball, 4M)
Top of the 8th over - 0 run(s), 0 hit(s), 0 error(s), 1 left on base; Culver City 3 - Menlo 4
BOTTOM OF THE 8TH
Menlo Maniacs batting - Pitching for Culver City Extras : RHP Pedro Días
Now at 2B: Horace Johnson
Batting: RHB Jesús Cuevas 0-0: SINGLE (Groundball, 5L)
Batting: RHB Ernest Russell 0-0: Fly out, F4 (Popup, 34D)
Pitching: RHP Von Hicks
Batting: RHB Richie Miller 0-0: Foul Ball, location: 2F
0-1: Foul Ball, location: 2F
0-2: Ball
1-2: DOUBLE (Line Drive, 9LM)
Jesús Cuevas to third
Batting: LHB Pedro Rodríguez 0-0: Ball
1-0: Ball
2-0: Fly out, F9 (Flyball, 9LM)
Runner from 3rd tags up, SCORES, throw made
Batting: LHB Jeff Tucker 0-0: Called Strike
0-1: Ball
1-1: Called Strike
1-2: Strikes out looking
Bottom of the 8th over - 1 run(s), 2 hit(s), 0 error(s), 1 left on base; Culver City 3 - Menlo 5
TOP OF THE 9TH
Culver City Extras batting - Pitching for Menlo Maniacs : RHP Steve Poe
Pitching: RHP James Jones
Batting: RHB Víctor Arredondo 0-0: Foul Ball, location: 2F
0-1: Swinging Strike
0-2: Strikes out swinging
Batting: LHB Nick English 0-0: Ball
1-0: Ball
2-0: Ball
3-0: Called Strike
3-1: Fly out, F7 (Flyball, 7LSF)
Batting: LHB Edmund Ross 0-0: Called Strike
0-1: Called Strike
0-2: Foul Ball, location: 2F
0-2: Ball
1-2: Strikes out swinging
Top of the 9th over - 0 run(s), 0 hit(s), 0 error(s), 0 left on base; Culver City 3 - Menlo 5
Monday, December 5th, 2016 - OOTP Baseball 17.12 Build 75